 Dungeon Crawl Stone Soup version 0.23.1 (webtiles) character file.

Game seed: 8665691728615241427

17 Borgoz the Sneak (level 2, -1/22 HPs)
             Began as a Ghoul Enchanter on Mar 3, 2019.
             Slain by a jackal (3 damage)
             ... on level 1 of the Dungeon.
             The game lasted 00:00:48 (770 turns).

Borgoz the Sneak (Ghoul Enchanter)                   Turns: 770, Time: 00:00:49

Health: -1/22      AC:  2    Str: 11    XL:     2   Next: 62%
Magic:  3/3        EV: 12    Int: 10    God:
Gold:   32         SH:  0    Dex:  9    Spells: 3/4 levels left

rFire    + . .     SeeInvis .   a - +1 dagger
rCold    + + .     Gourm    .   (no shield)
rNeg     + + +     Faith    .   b - +0 robe
rPois    ∞         Spirit   .   (no helmet)
rElec    +         Reflect  .   (no cloak)
rCorr    +         Harm     .   (no gloves)
MR       .....                  (no boots)
Stlth    ++........             (no amulet)
HPRegen  0.00/turn              (no ring)
MPRegen  0.08/turn              (no ring)

@: resistant, rotting
A: rotting body, claws 1, carnivore, cold resistance 1, negative energy
resistance 3, inhibited regeneration, torment resistance, unbreathing
a: no special abilities


You were on level 1 of the Dungeon.
You were not hungry.

You visited 1 branch of the dungeon, and saw 1 of its levels.

You collected 32 gold pieces.

Inventory:

Hand Weapons
 a - a +1 dagger (weapon)
Armour
 b - a +0 robe (worn)
Scrolls
 g - a scroll of enchant armour {unknown}
 h - a scroll of amnesia {unknown}
 i - a scroll of noise {unknown}
 j - a scroll of identify {unknown}
Potions
 e - a potion of curing {unknown}
 f - 2 potions of flight {unknown}
Comestibles
 d - a ration


   Skills:
 + Level 0.5 Fighting
 * Level 1.3 Short Blades
 + Level 0.5 Armour
 * Level 2.1 Dodging
 + Level 3.4 Stealth
 - Level 1.7 Spellcasting
 - Level 2.4 Hexes


You had 3 spell levels left.
You knew the following spells:

 Your Spells              Type           Power        Failure   Level  Hunger
a - Corona                Hex            #......      12%         1    ##.....

Your spell library contained the following spells:

 Spells                   Type           Power        Failure   Level  Hunger
 Ensorcelled Hibernation  Hex/Ice        #.....       30%         2    ###....
 Confuse                  Hex            #.......     34%         3    ####...
 Tukima's Dance           Hex            #.......     34%         3    ####...
 Dazzling Spray           Conj/Hex       #.....       52%         3    ####...


Dungeon Overview and Level Annotations

Branches:
Dungeon (1/15)

Altars:


Innate Abilities, Weirdness & Mutations

Your body is rotting away.
You thrive on raw meat.
You are immune to poison.
You have sharp fingernails.
You are carnivorous and can eat meat at any time.
Your flesh is cold resistant. (rC+)
You are immune to negative energy. (rN+++)
You do not regenerate when monsters are visible.
You are immune to unholy pain and torment.
You can survive without breathing.


Message History

You kill the jackal!
You hit the jackal.
The jackal is severely wounded.
The jackal barely misses you.
You hit the jackal.
You kill the jackal!
You barely miss the jackal. The jackal bites you.
* * * LOW HITPOINT WARNING * * *
The jackal bites you.
* * * LOW HITPOINT WARNING * * *
You hit the jackal.
The jackal is heavily wounded.
The jackal closely misses you.
You hit the jackal but do no damage.
The jackal is heavily wounded.
The jackal completely misses you.
It was a potion of resistance.
You feel protected. The jackal closely misses you. The jackal bites you.
You die...

.... #...... #.....
#...... #..... .......
#. #.#+#. ....... #.#
#.#... ....... #####.#
##.#... ...?...
.....###....#.
#......#####
#.....#......
#.....rh@.#
#............
#########.#
#........###. #.#
#......###...
########.###......##....
#.................##....
#.........#.......##..(.
#.........#.#+###.##....
#.........#.#.# #.##....
#.........#.#.# #^##....


You could see a jackal and a rat.

Vanquished Creatures
  2 dart slugs (D:1)
  A hobgoblin (D:1)
  2 jackals (D:1)
  3 bats (D:1)
  3 goblins (D:1)
  A kobold (D:1)
  2 rats (D:1)
14 creatures vanquished.

Notes
Turn   | Place    | Note
-------+----------+-------------------------------------------
     0 | D:1      | Borgoz the Ghoul Enchanter began the quest for the Orb.
     0 | D:1      | Reached XP level 1. HP: 14/14 MP: 2/2
    99 | D:1      | Reached skill level 1 in Short Blades
   405 | D:1      | Reached XP level 2. HP: 14/22 MP: 3/3
   770 | D:1      | Slain by a jackal

Skill      XL: |  1 |
---------------+----+-----
Short Blades   | 1 |  1.3
Dodging        | 2 |  2.1
Fighting       | |  0.5
Armour         | |  0.5
Stealth        | |  3.4
Spellcasting   | |  1.7
Hexes          | |  2.4

Action                   || total
-------------------------++-------
Melee: Dagger            ||    56
  Use: Potion            ||     1
 Stab: Sleeping          ||     1
  Eat: Chunk             ||     1
Armor: Robe              ||    10
Dodge: Dodged            ||    24
